 Dungeon Crawl Stone Soup version 0.20.1-1-g8b1a95d (webtiles) character file.

5994 pstr the Destroyer (level 11, -8/61 HPs)
             Began as a Kobold Conjurer on Nov 26, 2017.
             Was a Follower of Vehumet.
             Killed from afar by a fire dragon (22 damage)
             ... with a blast of flame
             ... on level 11 of the Dungeon.
             The game lasted 00:37:01 (14964 turns).

pstr the Destroyer (Kobold Conjurer)               Turns: 14964, Time: 00:37:02

Health: -8/61      AC: 12    Str:  6    XL:     11   Next: 10%
Magic:  27/33      EV: 14    Int: 19    God:    Vehumet [*.....]
Gold:   462        SH:  0    Dex: 16    Spells: 24/28 levels left

rFire    + . .     SeeInvis .   n - +5 quarterstaff (chaos)
rCold    . . .     Gourm    .   (shield currently unavailable)
rNeg     . . .     Faith    +   O - +0 ring mail (curse)
rPois    .         Spirit   .   P - -1 helmet (curse)
rElec    .         Reflect  .   p - +0 cloak
rCorr    .         Harm     .   L - +0 pair of gloves
MR       .....                  (no boots)
Stlth    ++........             G - amulet of faith (curse)
Regen    0.2/turn               o - ring of magical power
MPRegen  0.3/turn               S - ring of protection from fire

@: about to teleport
A: iridescent scales 1, rugged brown scales 1, carnivore 3
a: Renounce Religion


You were on level 11 of the Dungeon.
You worshipped Vehumet.
Vehumet was aware of your devotion.
You were not hungry.

You visited 2 branches of the dungeon, and saw 12 of its levels.
You also visited: Ossuary.

You collected 462 gold pieces.

Inventory:

Hand Weapons
 g - a +0 whip
 n - a +5 quarterstaff of chaos (weapon)
 M - a +1 trident of protection
Missiles
 f - 306 stones (quivered)
 h - 71 arrows
Armour
 a - a +0 robe
 m - a +0 leather armour of poison resistance
 p - a +0 cloak (worn)
 q - a +0 ring mail
 L - a +0 pair of gloves (worn)
 O - a cursed +0 ring mail (worn)
 P - a cursed -1 helmet (worn)
 R - a scarf of repulsion
Magical Staves
 K - an uncursed staff of air
Jewellery
 o - a ring of magical power (left hand)
 z - an uncursed amulet of inaccuracy
 G - a cursed amulet of faith (around neck)
 S - a ring of protection from fire (right hand)
Wands
 e - a wand of paralysis (0/24)
 l - a wand of disintegration (12/24)
 A - a wand of acid (5/15)
 V - a wand of random effects (21/48)
Scrolls
 i - 3 scrolls of identify
 k - 3 scrolls of remove curse
 u - a scroll of magic mapping
 y - a scroll of fear
 C - 4 scrolls of immolation {unknown}
 F - a scroll of enchant weapon
 N - a scroll of enchant armour {unknown}
Potions
 d - 5 potions of brilliance
 j - 7 potions of flight
 r - 3 potions of agility {unknown}
 t - 2 potions of degeneration
 w - a potion of might
 x - a potion of lignification
 B - a potion of ambrosia
 E - 2 potions of cancellation {unknown}
 J - a potion of resistance {unknown}
 Q - 2 potions of magic {unknown}
 U - a potion of mutation
 W - 2 potions of berserk rage
Books
 b - a book of Conjurations

   Spells                             Type                      Level
   a - Magic Dart                     Conjuration                  1
   b - Searing Ray                    Conjuration                  2
   c - Dazzling Spray                 Conjuration/Hexes            3
   d - Fulminant Prism                Conjuration/Hexes            4
   e - Force Lance                    Conjuration/Translocation    4
   f - Iskenderun's Mystic Blast      Conjuration                  4
 v - a book of Minor Magic

   Spells                             Type                      Level
   a - Magic Dart                     Conjuration                  1
   b - Blink                          Translocation                2
   c - Call Imp                       Summoning                    2
   d - Slow                           Hexes                        2
   e - Conjure Flame                  Conjuration/Fire             3
   f - Mephitic Cloud                 Conjuration/Poison/Air       3
 T - a book of Air

   Spells                             Type                      Level
   a - Shock                          Conjuration/Air              1
   b - Swiftness                      Charms/Air                   2
   c - Static Discharge               Conjuration/Air              3
   d - Airstrike                      Air                          4
   e - Lightning Bolt                 Conjuration/Air              5
Comestibles
 c - 7 meat rations
 s - 3 royal jellies
 I - a chunk of flesh


   Skills:
 + Level 3.9 Fighting
 + Level 0.5 Staves
 + Level 6.5 Armour
 + Level 5.6 Dodging
 + Level 5.2 Stealth
 + Level 9.2 Spellcasting
 + Level 9.3 Conjurations
 + Level 0.8 Air Magic


You had 24 spell levels left.
You knew the following spells:

 Your Spells              Type           Power        Failure   Level  Hunger
a - Magic Dart            Conj           ####         1%          1    None
b - Searing Ray           Conj           #####.       1%          2    None
c - Shock                 Conj/Air       ####         3%          1    None


Dungeon Overview and Level Annotations

Branches:
Dungeon (11/15)            Temple (1/1) D:7            Lair (0/6) D:11
    Orc: D:9-12

Altars:
Ashenzari
Cheibriados
Elyvilon
Gozag
Hepliaklqana
Makhleb
Okawaru
Qazlal
Ru
Sif Muna
Trog
Uskayaw
Vehumet
Xom
Yredelemnul
Zin
The Shining One

Shops:
D:7 (


Innate Abilities, Weirdness & Mutations

You are small and have problems with some larger weapons.
You are carnivorous and can eat meat at any time.
You are partially covered in iridescent scales. (AC +2)
You are partially covered in rugged brown scales. (AC +1, +3% HP)


Message History

You hear a bellow! x3
You hear the quick creaking of a very distant portcullis.
The fire dragon breathes flames at you. The blast of flame hits you!
You resist.
* * * LOW HITPOINT WARNING * * *
You feel better.
You feel better. The fire dragon breathes flames at you.
The blast of flame misses you.
You hear a shout! x3
Okay, then.
As you read the scroll of teleportation, it crumbles to dust.
You feel strangely unstable.
A jelly comes into view.
Something hits you.
* * * LOW HITPOINT WARNING * * *
Deactivating autopickup; reactivate with Ctrl-A.
The fire dragon breathes flames at you. The blast of flame hits you!
You resist.
You die...

#....##.# #..##'####
##.#
#.#####+####.........
..
#..............######
#.....######...#.....
#.....# #...#.....
#..DY.# #...#.....
#.....# #...#.....
#.....# #...#.....
#...@.# #...#.....
#.....######...#.....
#..............#...##
#......>.......#####.
#....................
#..#######...........
#J. #........... ...
#...........
#...########


You could see a fire dragon, a yak and a jelly.

Vanquished Creatures
  Pikel (D:9)
  A hippogriff (D:11)
  A spriggan (D:9)
  2 wyverns
  5 yaks (D:9)
  Sigmund (D:5)
  A fire bat (D:11)
  Grum (D:10)
  Eustachio (D:5)
  Duvessa (D:5)
  2 orc warriors
  3 phantoms
  2 ice beasts
  A sky beast (D:8)
  2 ogres
  3 wolves
  2 elf zombies (Ossuary)
  2 bullfrogs
  Dowan (D:5)
  4 killer bees (D:9)
  3 wights (D:9)
  2 howler monkeys
  A centaur zombie (Ossuary)
  A hound (D:8)
  7 crimson imps
  A human zombie (Ossuary)
  3 orc priests
  2 bullfrog skeletons
  4 jellies
  2 centaur skeletons
  4 iguanas
  Crazy Yiuf (D:3)
  Ijyb (D:2)
  6 orc wizards
  7 worker ants
  A killer bee zombie (D:8)
  2 big kobold zombies (Ossuary)
  A hound zombie (D:8)
  2 mummies (Ossuary)
  A worker ant zombie (D:5)
  16 adders
  7 shadow imps
  2 oozes (D:3)
  2 adder skeletons (D:9)
  3 worms
  2 dart slugs
  7 leopard geckos
  34 orcs
  5 ball pythons
  7 giant cockroaches
  11 goblins
  11 hobgoblins
  4 jackals (D:8)
  5 quokkas
  7 bats
  7 frilled lizards
  A goblin zombie (Ossuary)
  10 hobgoblin zombies (Ossuary)
  A jackal skeleton (D:4)
  3 jackal zombies (Ossuary)
  10 kobolds
  8 kobold zombies (Ossuary)
  8 orc zombies (Ossuary)
  8 rats
  A rat zombie (Ossuary)
269 creatures vanquished.

Vanquished Creatures (others)
  A bullfrog zombie (D:9)
1 creature vanquished.

Grand Total: 270 creatures vanquished

Notes
Turn   | Place    | Note
-------+----------+-------------------------------------------
     0 | D:1      | pstr the Kobold Conjurer began the quest for the Orb.
     0 | D:1      | Reached XP level 1. HP: 10/10 MP: 3/3
   123 | D:1      | Reached XP level 2. HP: 15/15 MP: 0/5
   333 | D:1      | Learned a level 2 spell: Searing Ray
   495 | D:1      | Reached XP level 3. HP: 19/19 MP: 2/6
  1681 | D:2      | Reached XP level 4. HP: 24/24 MP: 1/7
  1757 | D:2      | Found a faded altar of an unknown god.
  1970 | D:2      | Found a shattered altar of Ashenzari.
  2411 | D:2      | Reached skill level 5 in Conjurations
  2885 | D:3      | Reached XP level 5. HP: 28/28 MP: 5/9
  2887 | D:3      | Noticed Ijyb
  2892 | D:3      | Paralysed by Ijyb for 7 turns
  2901 | D:3      | Paralysed by Ijyb for 6 turns
  3029 | D:2      | Gained mutation: You are partially covered in slimy green scales. (AC +2) [potion of mutation]
  3029 | D:2      | Gained mutation: Armour fits poorly on your strangely shaped body. [potion of mutation]
  3029 | D:2      | Gained mutation: You have an increased reservoir of magic. (+10% MP) [potion of mutation]
  3096 | D:2      | Paralysed by Ijyb for 6 turns
  3111 | D:2      | Killed Ijyb
  3115 | D:2      | Lost mutation: Armour fits poorly on your strangely shaped body. [potion of mutation]
  3115 | D:2      | Lost mutation: You have an increased reservoir of magic. (+10% MP) [potion of mutation]
  3115 | D:2      | Lost mutation: You are partially covered in slimy green scales. (AC +2) [potion of mutation]
  3115 | D:2      | Gained mutation: You have large cloven feet. [potion of mutation]
  3115 | D:2      | Gained mutation: You are occasionally teleported next to monsters. [potion of mutation]
  3115 | D:2      | Gained mutation: Your flesh is cold resistant. (rC+) [potion of mutation]
  3116 | D:2      | Lost mutation: You are occasionally teleported next to monsters. [potion of mutation]
  3116 | D:2      | Lost mutation: Your flesh is cold resistant. (rC+) [potion of mutation]
  3116 | D:2      | Lost mutation: You have large cloven feet. [potion of mutation]
  3116 | D:2      | Gained mutation: You possess an exceptional clarity of mind. [potion of mutation]
  3116 | D:2      | Gained mutation: You evolve. [potion of mutation]
  3193 | D:2      | Gained mutation: You rapidly evolve. [evolution]
  3228 | D:3      | Found a burning altar of Makhleb.
  3785 | D:3      | Found a runed door.
  3789 | D:3      | Noticed Crazy Yiuf
  3793 | D:3      | Killed Crazy Yiuf
  3793 | D:3      | Reached XP level 6. HP: 33/33 MP: 11/11
  3880 | D:3      | Noticed a phantom
  3897 | D:3      | Killed a phantom
  3916 | D:3      | Gained mutation: Your magical capacity is low. (-10% MP) [evolution]
  3916 | D:3      | Lost mutation: You rapidly evolve. [decline of evolution]
  4665 | D:3      | Gained mutation: Your flesh is cold resistant. (rC+) [evolution]
  4935 | D:4      | Reached XP level 7. HP: 37/37 MP: 12/12
  5329 | D:4      | Reached skill level 1 in Armour
  5520 | D:5      | Entered Level 5 of the Dungeon
  5520 | D:5      | Noticed Sigmund
  5524 | D:5      | Killed Sigmund
  5663 | D:5      | Reached skill level 5 in Spellcasting
  6116 | D:5      | Found an opulent altar of Gozag.
  6194 | D:5      | Reached skill level 1 in Fighting
  6194 | D:5      | Reached XP level 8. HP: 27/43 MP: 14/14
  6197 | D:5      | Noticed Duvessa
  6199 | D:5      | Noticed Dowan
  6448 | D:5      | Noticed Eustachio
  6464 | D:5      | Killed Eustachio
  6582 | D:5      | Killed Dowan
  7073 | D:5      | HP: 2/43 [Duvessa/short sword (12)]
  7700 | D:5      | Killed Duvessa
  8119 | D:6      | Reached XP level 9. HP: 48/48 MP: 16/16
  8187 | D:6      | Found a sand-covered staircase.
  8225 | Ossuary  | Entered an ossuary
  8885 | Ossuary  | Lost mutation: Your magical capacity is low. (-10% MP) [potion of mutation]
  8885 | Ossuary  | Lost mutation: Your flesh is cold resistant. (rC+) [potion of mutation]
  8885 | Ossuary  | Gained mutation: Your mind is acute. (Int +2) [potion of mutation]
  8885 | Ossuary  | Gained mutation: Your spells are a little harder to cast, but a little more powerful. [potion of mutation]
  8885 | Ossuary  | Gained mutation: Your system is resistant to poisons. (rPois) [potion of mutation]
  8886 | Ossuary  | Lost mutation: You possess an exceptional clarity of mind. [potion of mutation]
  8886 | Ossuary  | Lost mutation: You evolve. [potion of mutation]
  8886 | Ossuary  | Lost mutation: Your system is resistant to poisons. (rPois) [potion of mutation]
  8886 | Ossuary  | Lost mutation: Your mind is acute. (Int +2) [potion of mutation]
  8886 | Ossuary  | Lost mutation: Your spells are a little harder to cast, but a little more powerful. [potion of mutation]
  8886 | Ossuary  | Gained mutation: You are partially covered in rugged brown scales. (AC +1, +3% HP) [potion of mutation]
  8886 | Ossuary  | Gained mutation: You are partially covered in iridescent scales. (AC +2) [potion of mutation]
 10273 | D:7      | Found a staircase to the Ecumenical Temple.
 10279 | Temple   | Entered the Ecumenical Temple
 10355 | Temple   | Became a worshipper of Vehumet
 10620 | D:7      | Found Lauffov's Weapon Shoppe.
 11016 | D:8      | Reached skill level 5 in Armour
 12123 | D:8      | Reached XP level 10. HP: 54/54 MP: 21/21
 12843 | D:9      | Reached skill level 5 in Stealth
 13369 | D:9      | Reached * piety under Vehumet
 13369 | D:9      | Offered knowledge of Shock by Vehumet.
 13372 | D:9      | Learned a level 1 spell: Shock
 13944 | D:9      | Reached skill level 5 in Dodging
 14269 | D:9      | Noticed Pikel
 14280 | D:9      | Killed Pikel
 14479 | D:10     | Entered Level 10 of the Dungeon
 14533 | D:10     | Noticed Grum
 14538 | D:10     | Killed Grum
 14541 | D:10     | Reached XP level 11. HP: 35/61 MP: 19/24
 14554 | D:11     | HP: 1/61 [wolf[Grum] (9)]
 14862 | D:11     | Found a staircase to the Lair.
 14927 | D:11     | Noticed a fire dragon
 14957 | D:11     | HP: 1/61 [fire dragon/blast of flame (6)]
 14964 | D:11     | Killed from afar by a fire dragon

Skill      XL: |  1  2  3  4  5  6  7  8  9 10 |
---------------+-------------------------------+-----
Stealth        | 3 4 5 |  5.2
Conjurations   | 5 6 7 9 |  9.3
Spellcasting   | 3 4 5 6 7 9 |  9.2
Dodging        | 3 4 5 |  5.6
Armour         | 2 4 5 6 |  6.5
Fighting       | 1 2 3 |  3.9
Staves         | |  0.5
Air Magic      | |  0.8

Action                   |  1- 3 |  4- 6 |  7- 9 | 10-12 || total
-------------------------+-------+-------+-------+-------++-------
Melee: Unarmed           |     1 |     3 |       |       ||     4
       Quarterstaff      |       |     1 |     1 |     3 ||     5
 Cast: Magic Dart        |    60 |    92 |   130 |    28 ||   310
       Searing Ray       |     4 |    30 |   128 |    55 ||   217
       Shock             |       |       |       |     5 ||     5
  Use: Potion            |       |     7 |     9 |     6 ||    22
       Scroll            |       |     8 |     9 |     2 ||    19
 Stab: Distracted        |       |       |     1 |       ||     1
  Eat: Chunk             |     7 |    16 |    21 |     2 ||    46
Armor: Robe              |     5 |     4 |       |       ||     9
       Ring mail         |       |     7 |    55 |    45 ||   107
       Skin              |       |       |       |     2 ||     2
Dodge: Dodged            |    13 |    32 |   102 |    76 ||   223
